[Event "*** Titled Tuesday Blitz"]
[Site "Chess.com"]
[Date "2020.10.27"]
[Round "1"]
[White "marabu44"]
[Black "Kurai"]
[Result "0-1"]
[WhiteElo "2237"]
[BlackElo "2584"]
[TimeControl "180+1"]
[EndTime "10:07:13 PDT"]
[Termination "Kurai won on time"]

1. Nf3 d5 2. d4 Nf6 3. c4 e6 4. Nc3 Nbd7 5. Bg5 Be7 6. cxd5 Nxd5 7. Bxe7 Qxe7 8. e4 Nxc3 9. bxc3 e5 10. Bd3 O-O 11.
O-O b6 12. a4 a5 13. Qc2 Bb7 14. Rfe1 Rfe8 15. Bb5 c6 16. Bc4 Rad8 17. Rab1 c5 18. d5 Qd6 19. Bb5 f5 20. Nd2 fxe4 21. c4 Rf8 22. Nxe4 Qg6 23. Bxd7 Rxd7 24. Qe2 Rf4 25.
Rb3 Ba6 26. Rg3 Qh6 27. f3 Rxd5 28. Qc2 Rd4 29. Rb1 Bxc4 30. Nd2 Bd3 31. Qa2+ c4 32.
Rc1 Rh4 33. Nxc4 Qxc1+ 34. Kf2 Rxc4 0-1

[Event "*** Titled Tuesday Blitz"]
[Site "Chess.com"]
[Date "2020.10.27"]
[Round "1"]
[White "InitiatingASC"]
[Black "Dedic8"]
[Result "0-1"]
[WhiteElo "2412"]
[BlackElo "2792"]
[TimeControl "180+1"]
[EndTime "10:07:14 PDT"]
[Termination "Dedic8 won by resignation"]

1. Nf3 Nf6 2. b3 c5 3. Bb2 Nc6 4. e3 d5 5. Bb5 Bd7 6. O-O e6 7.
d4 Qc7 8. dxc5 Bxc5 9. c4 a6 10. cxd5 Nxd5 11. Be2 O-O 12. Nbd2 Qb6 13. Nc4 Qa7 14.
Nce5 Nxe5 15. Nxe5 Be8 16. Bc4 f6 17. Bxd5 exd5 18.
Qxd5+ Kh8 19. Nd3 Bb6 20. Nf4 Rd8 21. Qf3 Rd2 22. Bc3 Rc2 23. Bb4 Bc6 24. Qh3 Re8 25.
Ng6+ Kg8 26. Ne7+ Kh8 27. Ng6+ Kg8 28. Ne7+ Rxe7 29. Bxe7 Bxe3 30. Qc8+ Kf7 31. Qf8+ Kg6 32. Kh1 Bxf2 33. Rg1 Bxg1 34. Rxg1 Qf2 0-1

[Event "*** Titled Tuesday Blitz"]
[Site "Chess.com"]
[Date "2020.10.27"]
[Round "1"]
[White "CzechmVIII"]
[Black "xberli"]
[Result "0-1"]
[WhiteElo "2166"]
[BlackElo "2548"]
[TimeControl "180+1"]
[EndTime "10:07:15 PDT"]
[Termination "xberli won on time"]

1. e4 c5 2. Nf3 d6 3. d4 cxd4 4. Nxd4 Nf6 5. Nc3 a6 6. Bg5 Nbd7 7. Bc4 e6 8. Qe2 Qa5 9. f4 Be7 10. Bxe6 fxe6 11. Nxe6 Kf7 12. f5 Ne5 13. Bd2 Qb6 14. Ng5+ Ke8 15. O-O-O Bd7 16. Be3 Qc7 17. Ne6 Bxe6 18.
fxe6 Rc8 19. Nd5 Nxd5 20. exd5 Qc4 21. Qxc4 Rxc4 22. Bd4 Rf8 23. b3 Rc8 24. Rhf1 Rxf1 25. Rxf1 Bf6 26. Kd1 Ke7 27. h3 b5 28. g4 Rf8 29. Rf5 Ng6 30. Bxf6+ Rxf6 31. c4 bxc4 32. bxc4 Rxf5 33. gxf5 Ne5 34. c5 dxc5 35. Kc2 Kd6 36. h4 Nf3 37. h5 Nd4+ 38. Kd3 Nxf5 39. Ke4 Ne7 0-1

[Event "*** Titled Tuesday Blitz"]
[Site "Chess.com"]
[Date "2020.10.27"]
[Round "1"]
[White "Witik"]
[Black "PlotnikovPavel"]
[Result "0-1"]
[WhiteElo "2694"]
[BlackElo "2375"]
[TimeControl "180+1"]
[EndTime "10:07:16 PDT"]
[Termination "PlotnikovPavel won on time"]

1. d4 Nf6 2. Bf4 g6 3. Nf3 Bg7 4. Nc3 d5 5. e3 O-O 6. Be2 b6 7. Ne5 Bb7 8. h4 h6 9. g4 Nfd7 10. Nf3 Re8 11. Qd2 Nc6 12. O-O-O Na5 13. Nb5 e5 14.
dxe5 Nc5 15. Qe1 a6 16. Nbd4 Ne4 17. g5 h5 18. e6 fxe6 19. Ne5 Bxe5 20. Bxe5 Qe7 21.
f3 Nd6 22. Bd3 Nf5 23. Bf6 Qf7 24. Qc3 c5 25. Nxf5 exf5 26. Rhe1 Re6 27. b3 Rae8 28.
Bf1 Nc6 29. Rxd5 Nb4 0-1

[Event "*** Titled Tuesday Blitz"]
[Site "Chess.com"]
[Date "2020.10.27"]
[Round "1"]
[White "Jumbo"]
[Black "dennisodessa"]
[Result "1-0"]
[WhiteElo "2846"]
[BlackElo "2442"]
[TimeControl "180+1"]
[EndTime "10:07:17 PDT"]
[Termination "Jumbo won by resignation"]

1. d4 Nf6 2. Nf3 e6 3. c4 Bb4+ 4. Bd2 a5 5. g3 b6 6. Bg2 Bb7 7. O-O O-O 8. Bf4 Be7 9. Qd3 Ne4 10. Nfd2 Nxd2 11. Bxb7 Ra7 12. Qxd2 Rxb7 13. Nc3 d6 14. e4 Nd7 15. a3 c6 16. b4 Qc7 17. Rac1 e5 18.
Be3 Bf6 19. d5 c5 20. Nb5 Qb8 21. bxa5 bxa5 22. Qxa5 Bd8 23. Qc3 Nb6 24. Rb1 f5 25.
exf5 Rxf5 26. Qd3 Rf8 27. Rb3 Bf6 28. Rfb1 Bd8 29. Qe4 Kh8 30. Qc2 Nc8 31. a4 Ba5 32.
Nc3 Rb4 33. Ne4 Nb6 34. Bd2 Rxb3 35. Qxb3 Bxd2 36. Nxd2 Nd7 37. Qxb8 Nxb8 38. Ne4 Na6 39. Nxd6 Nb4 40. Ne4 Nd3 41. a5 Ra8 42. Rb5 h6 43.
Nxc5 Nxc5 44. Rxc5 e4 45. d6 Rb8 46. Rd5 Rb1+ 47. Kg2 Rb2 48. Kf1 Rb1+ 49. Ke2 Rb2+ 50. Rd2 Rb3 51. d7 Rb8 52. d8=Q+ Rxd8 53. Rxd8+ Kh7 54.
a6 1-0

[Event "*** Titled Tuesday Blitz"]
[Site "Chess.com"]
[Date "2020.10.27"]
[Round "1"]
[White "witcher8"]
[Black "avantage_ru"]
[Result "0-1"]
[WhiteElo "2434"]
[BlackElo "2833"]
[TimeControl "180+1"]
[EndTime "10:07:18 PDT"]
[Termination "avantage_ru won on time"]

1. e4 Nf6 2. e5 Ne4 3. d4 e6 4. Bd3 d5 5. exd6 Nxd6 6. Nf3 Nd7 7. c4 c5 8. d5 exd5 9. cxd5 Be7 10. O-O O-O 11.
Nc3 Bf6 12. Bf4 Nb6 13. Qc2 g6 14. Be5 Bg4 15. Bxf6 Qxf6 16. Nd2 c4 17. Be2 Bxe2 18. Nxe2 Nxd5 19. Rad1 Nb4 20. Qa4 Nd3 21. Nxc4 b5 22. Qa6 bxc4 23. b3 Ne4 24. Qxf6 Nxf6 25. bxc4 Rfe8 26.
Ng3 Nc5 27. Rd6 Kg7 28. Rfd1 Rac8 29. h4 Nfe4 30. Nxe4 Nxe4 31. Ra6 Re7 32. Rd4 Nc5 33. Ra5 Rec7 34. f3 Ne6 35. Rd6 Rxc4 36. Rxa7 R8c7 37. Rxc7 Nxc7 38. h5 gxh5 39. Rd7 Ne6 40. Ra7 Rc2 41.
g3 Nd4 42. f4 h4 43. gxh4 Nf3+ 44. Kf1 Nxh4 45. a4 Ng2 0-1

[Event "*** Titled Tuesday Blitz"]
[Site "Chess.com"]
[Date "2020.10.27"]
[Round "1"]
[White "Omk124"]
[Black "GukeshDommaraju"]
[Result "0-1"]
[WhiteElo "2429"]
[BlackElo "2820"]
[TimeControl "180+1"]
[EndTime "10:07:18 PDT"]
[Termination "GukeshDommaraju won by resignation"]

1. e4 c6 2. c4 e5 3. Nf3 d6 4.
Nc3 Nf6 5. Be2 g6 6. d4 Nbd7 7. O-O Bg7 8. b3 O-O 9. dxe5 dxe5 10. Ba3 Re8 11. Qc2 Bf8 12. Bxf8 Nxf8 13. Rad1 Qc7 14. c5 Bg4 15. Nd2 Ne6 16. Bxg4 Nxg4 17. b4 a5 18. a3 axb4 19. axb4 Nd4 20. Qb2 b5 21. h3 Nf6 22. Nb3 Rad8 23. Rfe1 Ne6 24. Na5 Nf4 25. Qb3 Qc8 26. Rxd8 Rxd8 27. Rd1 Rd4 28. Rxd4 exd4 29. Nd1 d3 30. Qb2 Ne2+ 31. Kf1 Qe6 32. f3 Nh5 33. Nf2 Nhg3+ 34. Ke1 Qd7 35. Kd2 Nf1+ 36. Ke1 Neg3 37. Qc3 d2+ 38. Kd1 h5 39. e5 Qf5 40. Nxc6 Qb1+ 0-1

[Event "*** Titled Tuesday Blitz"]
[Site "Chess.com"]
[Date "2020.10.27"]
[Round "1"]
[White "Bodnar_Mykola"]
[Black "obliviate12"]
[Result "0-1"]
[WhiteElo "2373"]
[BlackElo "2736"]
[TimeControl "180+1"]
[EndTime "10:07:18 PDT"]
[Termination "obliviate12 won by checkmate"]

1. e4 c6 2. d4 d5 3. exd5 cxd5 4.
Bd3 Nf6 5. c3 Qc7 6. Na3 a6 7.
h3 Nc6 8. Nc2 g6 9. Ne2 Bf5 10.
Bxf5 gxf5 11. Bf4 Qb6 12. Rb1 e6 13. O-O Be7 14. Qc1 Rc8 15. Qe3 Qd8 16. Rbe1 Ne4 17. f3 Nd6 18. b3 Bf6 19. Ng3 h5 20. Bxd6 Qxd6 21. Nxf5 Qc7 22. c4 Kf8 23. cxd5 Nd8 24. dxe6 fxe6 25. Nb4 exf5 26. Nd5 Qd6 27. Nf4 Kf7 28.
d5 Qc5 29. Qxc5 Rxc5 30. Rd1 h4 31. Rfe1 b5 32. Rd3 Re8 33. Red1 Bg5 34. Ne6 Nxe6 35. dxe6+ Rxe6 36. Rd7+ Be7 37. R1d2 Rc1+ 38. Kf2 Kf6 39. f4 Bc5+ 40. Kf3 Rf1+ 41. Rf2 Rxf2# 0-1

[Event "*** Titled Tuesday Blitz"]
[Site "Chess.com"]
[Date "2020.10.27"]
[Round "1"]
[White "MIJuanReyesRosa"]
[Black "lelajavakhishvili"]
[Result "0-1"]
[WhiteElo "2076"]
[BlackElo "2525"]
[TimeControl "180+1"]
[EndTime "10:07:18 PDT"]
[Termination "lelajavakhishvili won on time"]

1. d4 Nf6 2. Nf3 e6 3. c4 d5 4. Nc3 Bb4 5. cxd5 exd5 6. Bg5 h6 7.
Bxf6 Qxf6 8. e3 O-O 9. Be2 c6 10. O-O Nd7 11. Qb3 Bd6 12. Rac1 Re8 13. Rfe1 Qg6 14. a4 Nf6 15. a5 Bh3 16. Bf1 Rab8 17. Na4 Ne4 18. Nc5 Nxc5 19. dxc5 Bc7 20. Qc2 Bf5 21.
Qa4 Be4 22. Nd2 Qh5 23. g3 a6 24. b4 Re6 25. Nxe4 Rxe4 26. Bg2 Re5 27. Qc2 Rbe8 28.
Qe2 Qg6 29. Qf3 d4 30. e4 Rd8 31. Rcd1 Re7 32. Qd3 Qe6 33. f4 g5 34. e5 gxf4 35.
gxf4 f5 36. Bh3 Rf7 37. Re2 Kh8 38. Rg2 Rdd7 39. Kh1 Qd5 40. Rg1 Rg7 0-1

[Event "*** Titled Tuesday Blitz"]
[Site "Chess.com"]
[Date "2020.10.27"]
[Round "1"]
[White "Beca95"]
[Black "WPWPWP-2015"]
[Result "1-0"]
[WhiteElo "2919"]
[BlackElo "2474"]
[TimeControl "180+1"]
[EndTime "10:07:19 PDT"]
[Termination "Beca95 won by checkmate"]

1. b3 e5 2. Bb2 Nc6 3. e3 Nf6 4. Bb5 Bd6 5. Na3 Na5 6. Be2 O-O 7. c4 c6 8. Nc2 b6 9. g4 Qe7 10. g5 Ne4 11. h4 f5 12. d3 Nc5 13. Qd2 Nab7 14. O-O-O a5 15. Kb1 b5 16. Nf3 e4 17.
dxe4 Nxe4 18. Qe1 a4 19. cxb5 axb3 20. axb3 Nbc5 21. h5 Nxb3 22. Bc4+ Rf7 23. Bxb3 Nc5 24. Bc4 cxb5 25. Bd5 Bb7 26. Qd2 Ne4 27. Qd4 Bxd5 28. Qxd5 Rc8 29. g6 Ba3 30. Qxf7+ Qxf7 31. gxf7+ Kxf7 32. Nxa3 Nxf2 33. Rc1 Rb8 34. Rhf1 Nd3 35. Ne5+ Nxe5 36.
Bxe5 Ra8 37. Nc2 Ke6 38. Bb2 g6 39. Nd4+ Kd5 40. hxg6 hxg6 41. Nxb5 Ke4 42. Rc4+ Kxe3 43. Re1+ Kf3 44. Nd4+ Kf2 45. Re7 Kg3 46. Rc1 Rg8 47. Rg1+ Kf4 48. Bc1# 1-0

[Event "*** Titled Tuesday Blitz"]
[Site "Chess.com"]
[Date "2020.10.27"]
[Round "1"]
[White "brunomorado"]
[Black "wannabe2700"]
[Result "1/2-1/2"]
[WhiteElo "2402"]
[BlackElo "2743"]
[TimeControl "180+1"]
[EndTime "10:07:20 PDT"]
[Termination "Game drawn by repetition"]

1. d4 Nf6 2. Nc3 d5 3. Bg5 Nbd7 4.
Qd3 e6 5. e4 dxe4 6. Nxe4 Be7 7.
Bxf6 Nxf6 8. g3 Nxe4 9. Qxe4 c5 10. O-O-O Qa5 11. Kb1 cxd4 12. Nf3 O-O 13. Nxd4 Bf6 14. Nb3 Qb6 15. Bd3 g6 16. h4 a5 17. a4 Bd7 18. h5 Bc6 19. Qf4 Bxh1 20. Qxf6 Qd8 21.
Qxd8 Rfxd8 22. Rxh1 Kg7 23. g4 f5 24. Nc5 Kf6 25.
hxg6 hxg6 26. Rh7 Rd5 27. Nd7+ Kg5 28. gxf5 gxf5 29. Nb6 Rxd3 30. cxd3 Rd8 31. Kc2 Rd6 32. Rxb7 Kf4 33. Nc4 Rd5 34. Rf7 Kf3 35. Re7 Kxf2 36. Rxe6 f4 37. Rf6 f3 38. Kd2 Rg5 39. Ne3 Rg8 40. Rf5 Re8 41. Nd1+ Kg3 42. Rxa5 Re2+ 43. Kc3 Re1 44. Kd2 Re2+ 45. Kc3 Re1 46. Kd2 Re2+ 1/2-1/2

[Event "*** Titled Tuesday Blitz"]
[Site "Chess.com"]
[Date "2020.10.27"]
[Round "1"]
[White "deep306"]
[Black "silverback96"]
[Result "1-0"]
[WhiteElo "2575"]
[BlackElo "2213"]
[TimeControl "180+1"]
[EndTime "10:07:22 PDT"]
[Termination "deep306 won by resignation"]

1. e4 e6 2. d4 d5 3. Nc3 Bb4 4. e5 Qd7 5. a3 Bxc3+ 6. bxc3 b6 7. Qg4 f5 8. Qg3 Ba6 9. Bxa6 Nxa6 10. Nh3 O-O-O 11.
Nf4 Nb8 12. h4 Nc6 13. h5 Na5 14. a4 Nc4 15. a5 Nxa5 16. Nd3 c5 17. dxc5 Qc7 18.
Be3 Nh6 19. O-O f4 20. Qxf4 Rdf8 21. Qb4 Nc6 22. cxb6 Nxb4 23. bxc7 Nxc2 24. Rxa7 Nxe3 25. Rb1 Kd7 26. fxe3 Rc8 27. Rb6 Rhe8 28. Nc5+ Ke7 29. Rxe6+ Kf7 30. Rxe8 Kxe8 31. e6 Nf5 32. Rb7 Nxe3 33.
Rb8 d4 34. Rxc8+ Ke7 35. Re8+ 1-0

[Event "*** Titled Tuesday Blitz"]
[Site "Chess.com"]
[Date "2020.10.27"]
[Round "1"]
[White "vinniethepooh"]
[Black "pirulillo"]
[Result "1-0"]
[WhiteElo "2572"]
[BlackElo "2209"]
[TimeControl "180+1"]
[EndTime "10:07:22 PDT"]
[Termination "vinniethepooh won by resignation"]

1. d4 Nf6 2. c4 g6 3. Nc3 Bg7 4. e4 d6 5. Be2 O-O 6. Be3 Na6 7. Nf3 e5 8. O-O Ng4 9. Bg5 Qe8 10. dxe5 dxe5 11.
h3 Nf6 12. a4 h6 13. Be3 c6 14. c5 Qe7 15. Qd6 Re8 16. Qxe7 Rxe7 17. Rfd1 Re8 18.
Bxa6 bxa6 19. Rd6 Bb7 20. Rad1 Bf8 21. Rxf6 Be7 22. Rfd6 Bxd6 23. cxd6 Rad8 24. Bc5 a5 25. Bxa7 f5 26. Bb6 Rd7 27. Bxa5 c5 28. Bb6 fxe4 29. Ne1 c4 30. Nc2 Rb8 31. Bc7 Ra8 32. Ne3 Bc6 33. Ned5 Bxd5 34. Nxd5 Kf7 35. Nb6 Rdd8 36. Nxa8 Rxa8 37. d7 1-0

[Event "*** Titled Tuesday Blitz"]
[Site "Chess.com"]
[Date "2020.10.27"]
[Round "1"]
[White "Zkid"]
[Black "Manukyan_Artak"]
[Result "1-0"]
[WhiteElo "2807"]
[BlackElo "2417"]
[TimeControl "180+1"]
[EndTime "10:07:23 PDT"]
[Termination "Zkid won by resignation"]

1. e4 c5 2. Nf3 a6 3. c3 d5 4. exd5 Qxd5 5. d4 Bg4 6. Be2 e6 7. Be3 cxd4 8. cxd4 Nf6 9. Nc3 Qd6 10. h3 Bh5 11. g4 Bg6 12. Ne5 Nbd7 13. f4 Ne4 14. Bf3 Nxc3 15. bxc3 Nxe5 16. fxe5 Qc7 17. Qb3 Rb8 18.
O-O Be7 19. Rad1 O-O 20. c4 b5 21. c5 Rfd8 22. Kg2 h6 23. c6 Bg5 24. Bxg5 hxg5 25.
Qe3 Qe7 26. Rc1 Rbc8 27. Rfd1 f6 28. exf6 Qxf6 29. Rf1 Qxd4 30. Qxe6+ Kh7 31. Rcd1 Qb6 32. Rxd8 Rxd8 33. Rf2 Qc7 34. Qe3 Qf4 35. Re2 Qxe3 36. Rxe3 Rd2+ 37. Kg3 Bb1 38. c7 Rc2 39. Be4+ 1-0

[Event "*** Titled Tuesday Blitz"]
[Site "Chess.com"]
[Date "2020.10.27"]
[Round "1"]
[White "Miss_JJ20"]
[Black "KuzubovYuriy"]
[Result "0-1"]
[WhiteElo "2463"]
[BlackElo "2893"]
[TimeControl "180+1"]
[EndTime "10:07:25 PDT"]
[Termination "KuzubovYuriy won by checkmate"]

1. d4 Nf6 2. c4 e6 3. g3 d5 4. Nf3 Bb4+ 5. Bd2 Be7 6. Bg2 O-O 7. O-O c6 8. Bg5 Nbd7 9. Nbd2 h6 10. Bxf6 Nxf6 11. Qc2 b6 12. Rfd1 Bb7 13. e4 Rc8 14. e5 Nd7 15. cxd5 cxd5 16. Qa4 a6 17. Rdc1 b5 18. Qd1 Qb6 19. Rxc8 Rxc8 20. Rc1 a5 21.
Bf1 Rxc1 22. Qxc1 Nb8 23. Nb3 Nc6 24. Qe3 a4 25. Nc5 Nxd4 26. Nxb7 Nxf3+ 27. Qxf3 Qxb7 28. Qd3 b4 29. Qb5 Qc7 30. f4 g5 31. Kg2 a3 32.
bxa3 bxa3 33. Qe2 Qc3 34. Qf3 Qb2+ 35. Qf2 Qc3 36. Qf3 Qc1 37. Qf2 Bc5 38. Qe2 gxf4 39. Qg4+ Kf8 40. Qxf4 Be3 41. Qf3 Qb2+ 42. Qe2 Qxe5 43.
h4 Qe4+ 44. Kh3 f5 45. Qd3 Qh1# 0-1

[Event "*** Titled Tuesday Blitz"]
[Site "Chess.com"]
[Date "2020.10.27"]
[Round "1"]
[White "vugarrasulov"]
[Black "enriquetejedor"]
[Result "1-0"]
[WhiteElo "2866"]
[BlackElo "2451"]
[TimeControl "180+1"]
[EndTime "10:07:25 PDT"]
[Termination "vugarrasulov won on time"]

1. e4 e6 2. d4 d5 3. Nd2 Be7 4.
g3 Nf6 5. e5 Nfd7 6. f4 c5 7. c3 b6 8. Ndf3 Ba6 9. Bxa6 Nxa6 10.
Ne2 O-O 11. O-O cxd4 12. cxd4 Rc8 13. a3 Qc7 14. Nc3 Qc6 15. f5 exf5 16. Qd3 Nc7 17. Qxf5 Qe6 18. Qd3 h6 19. Bf4 Rfd8 20. Rac1 Nf8 21.
Rc2 Ng6 22. Be3 Qd7 23. Rfc1 Nf8 24. Ne1 Nfe6 25. Ng2 Bf8 26. Ne2 Ne8 27. Ngf4 Rxc2 28. Rxc2 N8c7 29. Nh5 Ne8 30. Nc3 Be7 31. Rf2 Bg5 32.
h4 Bxe3 33. Qxe3 N8c7 34. Kg2 a5 35. a4 Nf8 36. Qf3 Nce6 37. Nb5 Ng6 38. Qf5 Rc8 39. Kh2 Rc4 40. b3 Rc8 41. Nd6 Rc7 42. Qg4 Nd8 43. Qf3 Qe6 44. Nf4 Nxf4 45. gxf4 Nc6 46. f5 Qe7 47. Qg4 Nxe5 48. dxe5 Qxe5+ 49. Qg3 Qxg3+ 50. Kxg3 Rc6 51. Nb5 Kf8 52. Kf4 Rc1 53.
Ke5 1-0

[Event "*** Titled Tuesday Blitz"]
[Site "Chess.com"]
[Date "2020.10.27"]
[Round "1"]
[White "Ind1anStar"]
[Black "Gordima"]
[Result "0-1"]
[WhiteElo "2418"]
[BlackElo "2808"]
[TimeControl "180+1"]
[EndTime "10:07:25 PDT"]
[Termination "Gordima won by checkmate"]

1. c4 e6 2. Nf3 d5 3. e3 Nf6 4.
Nc3 c5 5. cxd5 exd5 6. d4 Nc6 7. Bb5 cxd4 8. exd4 Be7 9. O-O O-O 10. h3 Qb6 11. Re1 Be6 12. Rb1 Bb4 13. Bg5 Ne4 14.
Bd3 h6 15. Be3 Qa5 16. Bxe4 dxe4 17. Nd2 f5 18. Nb3 Qd8 19. a3 Bxc3 20. bxc3 f4 21. Bd2 b6 22. Rxe4 Bf5 23. Rxf4 Bxb1 24. Qxb1 Qd5 25. Rg4 Rf6 26. Be3 Re8 27. Nd2 Ne7 28. c4 Qf7 29. Ne4 Rg6 30. Rf4 Qe6 31. d5 Qe5 32. Nd2 Qh5 33. Nf3 Rf8 34. Rxf8+ Kxf8 35. d6 Rxd6 36. c5 Rg6 37. Qe4 Qd5 38. Qf4+ Kg8 39.
Qb8+ Kh7 40. Ne5 Qxg2# 0-1

[Event "*** Titled Tuesday Blitz"]
[Site "Chess.com"]
[Date "2020.10.27"]
[Round "1"]
[White "WhiteKnight2612"]
[Black "LubovMarkelova"]
[Result "1-0"]
[WhiteElo "2580"]
[BlackElo "2220"]
[TimeControl "180+1"]
[EndTime "10:07:26 PDT"]
[Termination "WhiteKnight2612 won by checkmate"]

1. Nf3 Nf6 2. g3 g6 3. Bg2 Bg7 4. O-O c5 5. d3 O-O 6. e4 d6 7. Nc3 Nc6 8. h3 Bd7 9. Kh2 h5 10. Bd2 a6 11. Ng1 b5 12. a3 Nd4 13. f4 Rc8 14.
Nce2 e6 15. Nxd4 cxd4 16. Bb4 Qc7 17. Nf3 a5 18. Be1 Qxc2 19. Qxc2 Rxc2 20. Nxd4 Rcc8 21. Bxa5 Ra8 22. Bb4 Rfc8 23. Bxd6 Ne8 24. Be5 f6 25. Nf3 fxe5 26. fxe5 Rd8 27. d4 Bc6 28. Rfe1 Bh6 29. g4 hxg4 30. hxg4 Rac8 31. g5 Bf8 32. Kg3 Bb7 33.
Re2 Rc4 34. Rh1 Rdc8 35. Re3 Rc2 36. Rb3 Ba6 37. d5 exd5 38. exd5 b4 39. Nd4 Rd2 40. Ne6 Rcc2 41. Be4 Bc4 42. Bxc2 Rxc2 43. Rf3 bxa3 44. Rxf8# 1-0

[Event "*** Titled Tuesday Blitz"]
[Site "Chess.com"]
[Date "2020.10.27"]
[Round "1"]
[White "Euge_chess"]
[Black "TregubovP"]
[Result "0-1"]
[WhiteElo "2100"]
[BlackElo "2528"]
[TimeControl "180+1"]
[EndTime "10:07:27 PDT"]
[Termination "TregubovP won on time"]

1. e4 c5 2. c3 e6 3. d4 d5 4. exd5 exd5 5. Nf3 Nc6 6. Bb5 Bd6 7. O-O Ne7 8. Be3 cxd4 9. Nxd4 O-O 10. Nd2 Ne5 11.
Bf4 N7g6 12. Bg3 Bg4 13. Qb3 a6 14. Be2 Bxe2 15. Nxe2 Bc5 16. Nd4 b5 17. Rfe1 Bxd4 18. cxd4 Nc4 19. Nf3 Re8 20. h4 Re4 21. h5 Ne7 22.
Qc2 f5 23. Ng5 Rc8 24. Nxe4 fxe4 25. Qe2 Nf5 26. b3 Na3 27. Rac1 Nxd4 28. Qb2 Nac2 29. h6 gxh6 30. Red1 Ne2+ 31. Kf1 Nxg3+ 32. fxg3 Ne3+ 33. Kg1 Nxd1 34. Rxd1 Qg5 35. Qd4 Rc1 36. Rxc1 Qxc1+ 37. Kh2 Qg5 38. Qb6 Qe5 0-1

[Event "*** Titled Tuesday Blitz"]
[Site "Chess.com"]
[Date "2020.10.27"]
[Round "1"]
[White "dopolian"]
[Black "vladislavkovalev"]
[Result "0-1"]
[WhiteElo "2437"]
[BlackElo "2838"]
[TimeControl "180+1"]
[EndTime "10:07:30 PDT"]
[Termination "vladislavkovalev won by resignation"]

1. e4 e5 2. Nf3 Nc6 3. Bb5 a6 4. Ba4 d6 5. O-O Bd7 6. c3 g6 7. d4 Bg7 8. Be3 Nf6 9. h3 Nxe4 10. dxe5 Nxe5 11. Bxd7+ Qxd7 12. Nxe5 dxe5 13. Qxd7+ Kxd7 14.
Rd1+ Ke6 15. Nd2 Nxd2 16. Rxd2 Rhd8 17. Rad1 Rd6 18. Bc5 Rxd2 19. Rxd2 Bf8 20. Bxf8 Rxf8 21. Kf1 Ke7 22. Re2 f6 23. f4 Ke6 24. Kf2 Rd8 25.
fxe5 f5 26. Kf3 g5 27. g3 Rd3+ 28. Kf2 b5 29. Kg2 a5 30. Kf2 a4 31. a3 h6 32. Rc2 c6 33. c4 Rb3 34. cxb5 cxb5 35. Re2 Rd3 36. Kg2 Rd5 37. Kf2 Rxe5 38. Rc2 Kd5 39.
Rc8 Kd4 40. h4 Kd3 41. Rc6 Re2+ 42. Kf3 Rxb2 43. Rxh6 gxh4 44. gxh4 Kc4 45. Rc6+ Kb3 46. Rc5 Kxa3 47. Rxf5 b4 48. h5 Rc2 49. h6 Rc8 50. h7 b3 51. Rh5 b2 52. Rh3 0-1

[Event "*** Titled Tuesday Blitz"]
[Site "Chess.com"]
[Date "2020.10.27"]
[Round "1"]
[White "Leonid_Starozhilov"]
[Black "BJthechessgod"]
[Result "1-0"]
[WhiteElo "2637"]
[BlackElo "2290"]
[TimeControl "180+1"]
[EndTime "10:07:33 PDT"]
[Termination "Leonid_Starozhilov won by checkmate"]

1. e4 c5 2. Nf3 Nc6 3. Bb5 g6 4. O-O Bg7 5. Nc3 e6 6. Bxc6 bxc6 7. e5 Ne7 8. Ne4 Qc7 9. Nxc5 Bxe5 10. Nxe5 Qxe5 11. d4 Qg7 12. Bf4 O-O 13. Bd6 Re8 14. Ne4 f6 15. c4 Nf5 16. Re1 Ba6 17. b3 Nxd6 18. Nxd6 Re7 19. Qd2 e5 20. Qa5 Bc8 21. Qc7 Qf8 22. h3 Re6 23. c5 Re7 24. dxe5 fxe5 25.
Re3 Ba6 26. Rae1 Qf4 27. Qa5 Bc8 28. Qc3 Ba6 29. Rf3 Qg5 30. Rg3 Qf6 31. Ne4 Qg7 32. Qa5 Bb7 33. Qc7 Ba6 34. Qd6 Rae8 35. Nf6+ Kf8 36.
Nxe8 Kxe8 37. Rge3 Kd8 38. Rxe5 Rxe5 39. Qxe5 Qf7 40.
Qb8+ Bc8 41. Qe5 Ba6 42. h4 h5 43. Re3 Bb5 44. Rf3 Qe7 45. Qb8# 1-0

[Event "*** Titled Tuesday Blitz"]
[Site "Chess.com"]
[Date "2020.10.27"]
[Round "1"]
[White "Shota_Azaladze"]
[Black "garfio2017"]
[Result "1-0"]
[WhiteElo "2633"]
[BlackElo "2290"]
[TimeControl "180+1"]
[EndTime "10:07:34 PDT"]
[Termination "Shota_Azaladze won on time"]

1. Nf3 d5 2. g3 c6 3. Bg2 Nf6 4. O-O Bf5 5. b3 e6 6. Bb2 Be7 7. d3 O-O 8. Nbd2 a5 9. a3 Nbd7 10. Nh4 Bg6 11. Nxg6 hxg6 12. e4 e5 13. exd5 cxd5 14.
c4 Rc8 15. Re1 Nc5 16. Qc2 Bd6 17. Bc3 Re8 18. b4 Ne6 19. c5 Bc7 20. Qa4 e4 21.
dxe4 dxe4 22. Nxe4 Nxe4 23. Rxe4 Qd3 24. Re3 Qc4 25. Rae1 Red8 26. Qc2 axb4 27. axb4 b6 28. c6 b5 29. Qb2 Rd3 30. Rxd3 Qxd3 31. Bf1 Qf5 32. Qb1 Qg4 33. Qe4 Qg5 34. h4 Qe7 35.
Bxb5 Qd6 36. Bc4 Re8 37. b5 Bb6 38. Kg2 g5 39. Qd5 Qa3 40. Qd7 Rf8 41. Bxe6 fxe6 42. Bd4 Bxd4 43. Qxd4 Qa5 44. Qc4 Qxe1 45. Qc5 Qe4+ 46.
Kf1 Qe2+ 47. Kxe2 1-0

[Event "*** Titled Tuesday Blitz"]
[Site "Chess.com"]
[Date "2020.10.27"]
[Round "1"]
[White "Roza_Idrisova"]
[Black "Keithonsky"]
[Result "1-0"]
[WhiteElo "2218"]
[BlackElo "2551"]
[TimeControl "180+1"]
[EndTime "10:07:34 PDT"]
[Termination "Roza_Idrisova won by resignation"]

1. d4 Nf6 2. Nf3 d5 3. Bg5 e6 4.
Nbd2 Be7 5. e3 O-O 6. Bd3 c5 7. c3 Nc6 8. O-O b6 9. a4 Bb7 10. h3 h6 11. Bh4 a5 12. Re1 Qc7 13. Rc1 Rad8 14. Bb1 Ne4 15. Bxe7 Nxe7 16. Ne5 f6 17. Nd3 Nxd2 18. Qxd2 c4 19. Nf4 Qd7 20. e4 e5 21.
Nxd5 Nxd5 22. exd5 exd4 23. Qxd4 Qxd5 24. Qxd5+ Bxd5 25.
Rcd1 Bc6 26. Bg6 Bxa4 27. Rxd8 Rxd8 28. Re6 Rb8 29. Re7 Kf8 30. Rf7+ Kg8 31. Rc7 Bb3 32. f3 b5 33. Ra7 a4 34. Kf2 Rd8 35. Kg3 Rb8 36. h4 h5 37. Kf4 Rd8 38. Rb7 Kf8 39.
Rxb5 Ke7 40. Rb7+ Rd7 41. Rxd7+ Kxd7 42. Bxh5 Ke6 43. Bg6 Kd5 44. Bf7+ Kd6 45. g4 Ke7 46. Bg8 Kf8 47. Bd5 Ke7 48. g5 Kd6 49. gxf6 gxf6 50. Bg8 Ke7 51. h5 Kf8 52. Bd5 Kg7 53. Be6 Ba2 54. Bd7 Bb3 55. Be8 Bc2 56. Bb5 Bb3 57.
Bd7 Bc2 58. Bf5 Bd1 59. Bg6 Bb3 60. Ke3 Bd1 61. f4 Kh6 62. Kd4 Bb3 63. Bf7 f5 64. Ke5 Bc2 65. Bxc4 Kxh5 66. Be6 Kg4 67. c4 Bb3 68. c5 Bxe6 69. Kxe6 Kxf4 70. c6 Kg3 71. c7 f4 72. c8=Q f3 73. Qc1 f2 74. Qf1 Kf3 75. Ke5 Ke3 76. Kf5 Kd2 77. Qxf2+ 1-0

[Event "*** Titled Tuesday Blitz"]
[Site "Chess.com"]
[Date "2020.10.27"]
[Round "1"]
[White "Oglob71"]
[Black "BrandonJacobson"]
[Result "0-1"]
[WhiteElo "2480"]
[BlackElo "2952"]
[TimeControl "180+1"]
[EndTime "10:07:36 PDT"]
[Termination "BrandonJacobson won on time"]

1. d4 Nf6 2. Nf3 d5 3. c4 e6 4. Qc2 Be7 5. Bg5 h6 6. Bh4 Nbd7 7. e3 O-O 8. Nc3 dxc4 9. Bxc4 a6 10. O-O b5 11.
Be2 Bb7 12. Rfd1 c5 13. dxc5 b4 14. Na4 Be4 15. Qb3 a5 16. Rac1 Qc7 17. Bg3 Qb7 18.
Bd6 Bd5 19. Qc2 Bxd6 20. cxd6 Rfc8 21. Qb1 Ne4 22. Nd4 Nxd6 23. f3 e5 24. Nb3 Nc4 25.
e4 Be6 26. Bxc4 Bxc4 27. Nac5 Nxc5 28. Rxc4 Nxb3 29. axb3 Rxc4 30. bxc4 a4 31. Qd3 a3 32. b3 Qa7+ 33. Kf1 Qc5 34. Qd5 Rc8 35. Qxc5 Rxc5 36.
Rd8+ Kh7 37. Ra8 Kg6 38. Ra4 Kf6 39. Ke2 Rc7 40. Kd3 Ke6 0-1

[Event "*** Titled Tuesday Blitz"]
[Site "Chess.com"]
[Date "2020.10.27"]
[Round "1"]
[White "LuisFSiles"]
[Black "FloMaster111"]
[Result "0-1"]
[WhiteElo "2292"]
[BlackElo "2640"]
[TimeControl "180+1"]
[EndTime "10:07:36 PDT"]
[Termination "FloMaster111 won by resignation"]

1. e4 e6 2. d4 d5 3. Nd2 Be7 4. Ngf3 Nf6 5. Bd3 c5 6. c3 Nc6 7. O-O dxe4 8. Nxe4 cxd4 9. cxd4 Bd7 10. Nc3 Nb4 11. Bc4 Bc6 12. Ne5 Nbd5 13. Qe2 O-O 14. Rd1 Nxc3 15. bxc3 Bd5 16. Bd3 b6 17. c4 Bb7 18. Bb2 Rc8 19. Qe3 Qd6 20. Qh3 Be4 21.
Bxe4 Nxe4 22. d5 Qb4 23. Rab1 exd5 24. Nd7 Bc5 25. Nxf8 Rxf8 26. Bd4 Qxc4 27. Bxc5 Qxc5 28. Qe3 Qxe3 29. fxe3 Nc3 30. Rbc1 Ne2+ 31. Kf2 Nxc1 32. Rxc1 Ra8 33. Rc7 Kf8 34. Rd7 Ke8 35. Rxd5 Ke7 36.
Re5+ Kd6 37. Rh5 h6 38. Rf5 f6 39. Rf4 Rc8 40. Rg4 g5 41. Kf3 Rc2 42. Rd4+ Ke5 43.
Ra4 a5 44. Ra3 f5 45. g3 h5 46. g4 hxg4+ 47. Kg3 Ke4 48. Rxa5 bxa5 0-1